 Dungeon Crawl Stone Soup version 0.23.2-33-g5129a83184 (webtiles) character file.

Game seed: 3237963304891513802

92730 redmage the Thaumaturge (level 16, -5/125 HPs)
             Began as a Gnoll Skald on June 27, 2019.
             Was the Champion of Cheibriados.
             Slain by an entropy weaver (6 damage)
             ... on level 4 of the Spider Nest on June 28, 2019.
             The game lasted 03:23:50 (10911 turns).

redmage the Thaumaturge (Gnoll Skald)              Turns: 10911, Time: 03:23:52

Health: -5/125     AC:  8    Str: 32 (33) XL:     16   Next: 6%
Magic:  17/31      EV: 22    Int: 32      God:    Cheibriados [******]
Gold:   190        SH:  0    Dex: 40      Spells: 8/37 levels left

rFire    . . .     SeeInvis +   y - +1 broad axe (vamp)
rCold    + + +     Gourm    +   D - +8 large shield "Vesorch" {+Blink rElec rPois Stlth+}
rNeg     . . .     Faith    .   I - +0 ice dragon scales
rPois    +         Spirit   .   s - +2 helmet
rElec    +         Reflect  .   j - +2 cloak {+Inv}
rCorr    +         Harm     .   (no gloves)
MR       +....                  (no boots)
Stlth    ++........             J - amulet "Comaop" {Gourm Str+3 Dex+6}
HPRegen  1.30/turn              f - ring of see invisible
MPRegen  0.22/turn              Z - ring "Seulizos" {rCorr +Fly rF+ rC+}

@: confused, singing, corroded, regenerating, very slow
A: distributed training, fangs 1, strong nose
a: Bend Time, Temporal Distortion, Slouch, Step From Time, Renounce Religion,
Evoke Blink, Evoke Invisibility, Evoke Flight


You were on level 4 of the Spider Nest.
You worshipped Cheibriados.
Cheibriados was exalted by your worship.
You were full.

You visited 5 branches of the dungeon, and saw 26 of its levels.
You also visited: Bailey.

You collected 1916 gold pieces.
You spent 1726 gold pieces at shops.

Inventory:

Hand Weapons
 a - a +0 eveningstar of holy wrath
 b - a +4 long sword of holy wrath
 y - a +1 vampiric broad axe (weapon)
 A - a +2 hand axe of flaming
 H - a +2 great mace of draining
 M - a cursed +7 halberd of freezing
Missiles
 x - 3 poisoned tomahawks (quivered)
Armour
 e - a +4 plate armour of fire resistance
 j - a +2 cloak of invisibility (worn)
 r - the +0 steam dragon scales "Ohenos" {+Inv rElec Int+5 Stlth-}
   (You bought it in a shop on level 2 of the Orcish Mines)

   It affects your intelligence (+5).
   It insulates you from electricity.
   It lets you turn invisible.
   It makes you less stealthy.
 s - a +2 helmet (worn)
 w - a +1 scale mail of poison resistance
 D - the +8 large shield "Vesorch" (worn) {+Blink rElec rPois Stlth+}
   (You took it off Louise on level 1 of the Spider Nest)

   It insulates you from electricity.
   It protects you from poison.
   It lets you blink.
   It makes you more stealthy.
 I - +0 ice dragon scales (worn)
 O - a +0 shield of reflection
Magical Staves
 T - an uncursed staff of air {unknown}
Jewellery
 f - a ring of see invisible (left hand)
 J - the amulet "Comaop" (around neck) {Gourm Str+3 Dex+6}
   (You found it on level 9 of the Dungeon)

   [amulet of the gourmand]

   It allows you to eat raw meat even when not hungry.
   It affects your strength (+3).
   It affects your dexterity (+6).
 P - an uncursed ring of protection from cold
 Z - the ring "Seulizos" (right hand) {rCorr +Fly rF+ rC+}
   (You acquired it in a bailey)

   [ring of resist corrosion]

   It protects you from fire.
   It protects you from cold.
   It lets you fly.
Wands
 c - a wand of disintegration (10)
 o - a wand of iceblast (17)
 u - a wand of flame (3)
 z - a wand of digging (3)
 E - a wand of enslavement (9)
 Q - a wand of paralysis (5)
 W - a wand of clouds (1)
Scrolls
 i - 9 scrolls of remove curse
 k - 2 scrolls of fog
 m - 7 scrolls of enchant weapon
 n - 5 scrolls of teleportation
 t - a scroll of blinking
 G - a scroll of identify
 K - 7 scrolls of enchant armour
 R - a scroll of magic mapping
 V - a scroll of fear
Potions
 g - 2 potions of flight
 h - 9 potions of curing
 l - a potion of mutation
 p - 3 potions of magic
 q - 2 potions of brilliance
 v - 3 potions of might
 B - 5 potions of agility
 C - a potion of resistance
 F - 5 potions of haste
 N - a potion of ambrosia
 S - a potion of invisibility
 Y - 7 potions of heal wounds
Miscellaneous
 L - a lamp of fire
Comestibles
 d - 32 rations


   Skills:
 + Level 11.2 Fighting
 + Level 10.3 Short Blades
 + Level 11.2 Long Blades
 + Level 10.3 Axes
 + Level 10.3 Maces & Flails
 + Level 10.3 Polearms
 + Level 10.3 Staves
 + Level 10.3 Slings
 + Level 10.3 Bows
 + Level 10.3 Crossbows
 + Level 10.3 Throwing
 + Level 10.6 Armour
 + Level 11.2 Dodging
 + Level 10.3 Stealth
 + Level 10.3 Shields
 + Level 10.3 Unarmed Combat
 + Level 11.4 Spellcasting
 + Level 8.7 Conjurations
 + Level 8.7 Hexes
 + Level 10.3 Charms
 + Level 8.7 Summonings
 + Level 8.7 Necromancy
 + Level 8.7 Translocations
 + Level 8.7 Transmutations
 + Level 8.7 Fire Magic
 + Level 8.7 Ice Magic
 + Level 8.7 Air Magic
 + Level 8.7 Earth Magic
 + Level 8.7 Poison Magic
 + Level 11.2 Invocations
 + Level 10.3 Evocations


You had 8 spell levels left.
You knew the following spells:

 Your Spells              Type           Power        Failure   Level  Hunger
a - Infusion              Chrm           ####         1%          1    None
b - Song of Slaying       Chrm           ######..     1%          2    None
c - Shroud of Golubria    Chrm/Tloc      ######....   1%          2    None
d - Regeneration          Chrm/Necr      ######....   1%          3    None
e - Deflect Missiles      Chrm/Air       ######....   71%         6    ####...
f - Blink                 Tloc           N/A          1%          2    None
g - Passage of Golubria   Tloc           N/A          10%         4    None
h - Conjure Flame         Conj/Fire      ######..     2%          3    None
i - Statue Form           Tmut/Erth      ######...    82%         6    ####...

Your spell library contained the following spells:

 Spells                   Type           Power        Failure   Level  Hunger
 Magic Dart               Conj           ####         1%          1    None
 Call Imp                 Summ           ######..     1%          2    None
 Slow                     Hex            ######..     1%          2    None
 Spectral Weapon          Hex/Chrm       ######..     1%          3    None
 Gell's Gravitas          Tloc           ######....   2%          3    None
 Lesser Beckoning         Tloc           ######....   2%          3    None
 Mephitic Cloud           Conj/Pois/Air  ######..     2%          3    None
 Teleport Other           Tloc           ######..     2%          3    None
 Cause Fear               Hex            ######....   10%         4    None
 Leda's Liquefaction      Hex/Erth       ######....   10%         4    None
 Iskenderun's Battlesphe  Conj/Chrm      ######..     19%         5    ##.....
 Bolt of Magma            Conj/Fire/Erth ######....   26%         5    ##.....
 Irradiate                Conj/Tmut      ######....   26%         5    ##.....
 Silence                  Hex/Air        ######....   26%         5    ##.....
 Venom Bolt               Conj/Pois      ######....   26%         5    ##.....
 Yara's Violent Unravell  Hex/Tmut       ######....   26%         5    ##.....
 Hydra Form               Tmut           ######....   82%         6    ####...
 Iron Shot                Conj/Erth      ######....   82%         6    ####...
 Dragon Form              Tmut           ######....   100%        7    ######.
 Orb of Destruction       Conj           ######....   100%        7    ######.
 Spellforged Servitor     Conj/Summ      ######....   100%        7    ######.
 Discord                  Hex            ######....   100%        8    #######
 Shatter                  Erth           ######....   100%        9    #######


Dungeon Overview and Level Annotations

Branches:
Dungeon (13/15)            Temple (1/1) D:7            Lair (6/6) D:9
 Spider (4/4) Lair:2        Slime (0/5) Lair:6          Orc (2/2) D:10
    Elf (0/3) Orc:2        Vaults (0/5) D:13
  Swamp: Lair:2-4    Shoals: Lair:2-4

Altars:
Cheibriados
Dithmenos
Fedhas
Hepliaklqana
Makhleb
Nemelex Xobeh
Okawaru
Qazlal
Ru
Sif Muna
Trog
Uskayaw
Vehumet
Xom
Yredelemnul
The Shining One
Jiyva

Shops:
D:5 *[   Orc:2 =([*

Annotations:
D:3 Grinder
D:5 1 runed translucent door, Blork the orc; diana's ghost, novice GrFi
Lair:4 exclusion: 2 oklob plants
Lair:6 Nessos


Innate Abilities, Weirdness & Mutations

Your experience applies equally to all skills.
You have very sharp teeth.
Your uncanny sense of smell can sniff out nearby items.


Message History

You feel less confused. The tarantella bites you!
You are confused.
The entropy weaver hits you! x2
* * * LOW HITPOINT WARNING * * *
The entropy weaver hits you!
* * * LOW HITPOINT WARNING * * *
The entropy weaver closely misses you. The tarantella completely misses you.
The redback barely misses you. The redback closely misses you.
The entropy weaver misses you. The entropy weaver closely misses you.
The entropy weaver hits you!
* * * LOW HITPOINT WARNING * * *
The entropy weaver closely misses you. The tarantella bites you!
* * * LOW HITPOINT WARNING * * *
The redback closely misses you.
The tarantella bites you but does no damage.
The redback closely misses you.
The entropy weaver completely misses you.
The entropy weaver closely misses you. The entropy weaver hits you.
You die...

........^........^†
^....................<...
..^........#%.........^..
....^........#.....†.†...
.#.......#...............
....................^##.#
........a...^......#...##
.......as......#.....###
.s.....s@......^†...##
.^.....ss.....^....##
..............^....^#
............#......##
............^......#
....#........<....##
/...^.....^........#
..........#........#
........#...#.####


You could see 2 entropy weavers, a jumping spider, 2 tarantellas and 2 redbacks.

Vanquished Creatures
  Nikola (Spider:3)
  Rupert (Lair:6)
  Gastronok (Orc:1)
  Kirke (Lair:5)
  Frances (Spider:1)
  Donald (Lair:2)
  2 ghost moths
  An emperor scorpion (Spider:3)
  Louise (Spider:1)
  4 vault guards (D:13)
  Harold (D:10)
  2 hydras
  A merfolk avatar (Lair:6)
  2 two-headed ogres
  4 death yaks
  3 orc high priests (Orc:2)
  Sonja (D:10)
  A deep troll (Orc:1)
  An unseen horror (D:13)
  4 lindwurms (Lair:3)
  6 orc knights
  9 orb spiders
  6 orc sorcerers (Orc:2)
  An elephant (Lair:6)
  7 wolf spiders
  3 ugly things
  A manticore (Lair:6)
  2 cyclopes
  Maurice (D:10)
  3 black mambas
  3 centaur zombies
  8 spiny frogs
  Psyche (D:9)
  4 torpor snails
  A centaur skeleton (D:11)
  11 komodo dragons
  2 rime drakes
  9 demonic crawlers
  3 polar bears
  7 jumping spiders (Spider:1)
  3 trolls
  6 hippogriffs
  11 blink frogs
  29 yaks
  20 tarantellas
  47 redbacks
  2 shadows (D:13)
  A spriggan (D:7)
  Eustachio (D:4)
  3 wyverns
  6 hogs
  2 basilisks
  3 hungry ghosts
  A steam dragon (D:11)
  2 vampire mosquitoes (D:12)
  5 wargs
  A soldier ant (D:13)
  An acid dragon (D:13)
  6 porcupines
  30 orc warriors
  13 water moccasins
  2 ice beasts
  A black bear (D:8)
  A phantom (D:6)
  An eye of draining (D:8)
  10 wolves
  7 ogres
  A necrophage (D:11)
  6 centaurs
  11 crocodiles
  2 big kobolds
  11 bullfrogs
  A water moccasin zombie (D:10)
  A wyvern skeleton (D:12)
  2 scorpions (D:9)
  3 killer bees (D:7)
  6 wights
  An electric eel (D:10)
  3 howler monkeys
  3 bullfrog zombies
  4 hounds
  2 jellies
  A quasit (D:7)
  A bullfrog skeleton (D:4)
  9 orc priests
  18 orc wizards
  2 iguanas
  9 worker ants
  3 hound skeletons
  A hound zombie (D:9)
  10 gnolls
  7 adders
  A shadow imp (D:13)
  An ooze (D:2)
  4 worms
  A leopard gecko (D:4)
  85 orcs
  3 bats
  5 giant cockroaches
  2 gnoll zombies (D:8)
  5 hobgoblins
  6 jackals (D:6)
  12 kobolds
  2 quokkas (D:2)
  2 ball pythons (D:5)
  3 frilled lizards
  3 goblins
  A jackal zombie (D:7)
  2 rats (D:2)
  A butterfly (D:9)
594 creatures vanquished.

Vanquished Creatures (collateral kills)
  An orc warlord (Orc:2)
  An orc sorcerer (Orc:2)
  An orc warrior (Orc:2)
  An orc priest (Orc:2)
  2 orc wizards (Orc:2)
  2 orcs (Orc:2)
8 creatures vanquished.

Vanquished Creatures (others)
  An emperor scorpion (Spider:1)
  2 wolf spiders (Spider:3)
  A jumping spider (Spider:3)
  2 tarantellas
  A redback (Spider:3)
  17 fungi
  7 plants
31 creatures vanquished.

Grand Total: 633 creatures vanquished

Notes
Turn   | Place    | Note
-------+----------+-------------------------------------------
     0 | D:1      | redmage the Gnoll Skald began the quest for the Orb.
     0 | D:1      | Reached XP level 1. HP: 20/20 MP: 6/6
    83 | D:1      | Reached XP level 2. HP: 22/26 MP: 7/7
   226 | D:2      | Reached skill level 5 in Spellcasting
   226 | D:2      | Reached XP level 3. HP: 13/31 MP: 0/9
   232 | D:2      | Learned a level 2 spell: Song of Slaying
   235 | D:2      | Learned a level 2 spell: Shroud of Golubria
   239 | D:2      | Learned a level 3 spell: Regeneration
   411 | D:3      | Reached skill level 1 in Invocations
   435 | D:3      | Reached skill level 1 in Short Blades
   435 | D:3      | Reached skill level 1 in Axes
   435 | D:3      | Reached skill level 1 in Maces & Flails
   435 | D:3      | Reached skill level 1 in Polearms
   435 | D:3      | Reached skill level 1 in Staves
   435 | D:3      | Reached skill level 1 in Slings
   435 | D:3      | Reached skill level 1 in Bows
   435 | D:3      | Reached skill level 1 in Crossbows
   435 | D:3      | Reached skill level 1 in Throwing
   435 | D:3      | Reached skill level 1 in Stealth
   435 | D:3      | Reached skill level 1 in Shields
   435 | D:3      | Reached skill level 1 in Unarmed Combat
   435 | D:3      | Reached skill level 1 in Evocations
   435 | D:3      | Reached XP level 4. HP: 28/38 MP: 1/11
   615 | D:3      | Noticed Grinder
   640 | D:2      | Reached skill level 1 in Conjurations
   640 | D:2      | Reached skill level 1 in Hexes
   640 | D:2      | Reached skill level 1 in Summonings
   640 | D:2      | Reached skill level 1 in Necromancy
   640 | D:2      | Reached skill level 1 in Translocations
   640 | D:2      | Reached skill level 1 in Transmutations
   640 | D:2      | Reached skill level 1 in Fire Magic
   640 | D:2      | Reached skill level 1 in Ice Magic
   640 | D:2      | Reached skill level 1 in Air Magic
   640 | D:2      | Reached skill level 1 in Earth Magic
   640 | D:2      | Reached skill level 1 in Poison Magic
   643 | D:2      | Found a glowing golden altar of the Shining One.
   745 | D:3      | Paralysed by Grinder for 6 turns
   827 | D:3      | Reached XP level 5. HP: 33/43 MP: 12/12
   907 | D:5      | Entered Level 5 of the Dungeon
   937 | D:4      | Noticed an ogre
   957 | D:4      | Noticed Eustachio
   975 | D:4      | Killed Eustachio
   975 | D:4      | Reached XP level 6. HP: 39/50 MP: 3/14
  1035 | D:4      | Reached skill level 5 in Fighting
  1035 | D:4      | Reached skill level 5 in Long Blades
  1035 | D:4      | Reached skill level 5 in Dodging
  1097 | D:3      | Noticed an orc warrior
  1119 | D:4      | Found a bloodstained altar of Trog.
  1176 | D:4      | Found a shadowy altar of Dithmenos.
  1199 | D:4      | Reached XP level 7. HP: 56/56 MP: 15/15
  1275 | D:5      | Found a sparkling altar of Nemelex Xobeh.
  1325 | D:5      | Found Niacovy's Serpentskin Sales.
  1519 | D:6      | Noticed a hungry ghost
  1546 | D:6      | Killed a hungry ghost
  1616 | D:6      | Reached XP level 8. HP: 42/63 MP: 3/16
  1658 | D:6      | Found a stormy altar of Qazlal.
  1660 | D:6      | Noticed an air elemental
  1661 | D:6      | Noticed a water elemental
  1935 | D:5      | Found a runed translucent door.
  1935 | D:5      | Noticed diana's ghost (novice GrFi)
  1971 | D:5      | Noticed Blork the orc
  1994 | D:5      | Found Tirow's Antique Armour Boutique.
  2428 | D:7      | Found a staircase to the Ecumenical Temple.
  2441 | Temple   | Entered the Ecumenical Temple
  2452 | Temple   | Became a worshipper of Cheibriados the Contemplative
  2536 | D:7      | Noticed a spriggan baker
  2554 | D:7      | Killed a spriggan baker
  2729 | D:7      | Reached XP level 9. HP: 40/69 MP: 6/18
  2731 | D:7      | Found a burning altar of Makhleb.
  2802 | D:7      | Reached * piety under Cheibriados
  2809 | D:7      | Noticed a cacodemon
  2848 | D:7      | Found a radiant altar of Vehumet.
  2875 | D:8      | Identified a scroll of acquirement
  3015 | D:8      | Paralysed by an orc wizard for 6 turns
  3086 | D:8      | Found a hazy altar of Hepliaklqana.
  3271 | D:8      | Found a basalt altar of Yredelemnul.
  3370 | D:9      | Reached skill level 5 in Armour
  3373 | D:9      | Found a shimmering altar of Xom.
  3413 | D:9      | Learned a level 6 spell: Deflect Missiles
  3452 | D:9      | Found a sacrificial altar of Ru.
  3544 | D:10     | Entered Level 10 of the Dungeon
  3581 | D:10     | Noticed a cyclops
  3586 | D:10     | Reached ** piety under Cheibriados
  3685 | D:9      | Noticed Psyche
  3695 | D:9      | Killed Psyche
  3695 | D:9      | Reached skill level 5 in Invocations
  3705 | D:9      | Reached XP level 10. HP: 55/77 MP: 17/20
  3735 | D:9      | Got a coiled sapphire amulet
  3737 | D:9      | Identified the amulet "Comaop" {Gourm Str+3 Dex+6} (You
                  | found it on level 9 of the Dungeon)
  3802 | D:9      | Found a staircase to the Lair.
  3811 | Lair:1   | Entered Level 1 of the Lair of Beasts
  3811 | Lair:1   | Noticed a spiny frog
  3823 | Lair:1   | Killed a spiny frog
  3829 | Lair:1   | Reached skill level 5 in Short Blades
  3829 | Lair:1   | Reached skill level 5 in Axes
  3829 | Lair:1   | Reached skill level 5 in Maces & Flails
  3829 | Lair:1   | Reached skill level 5 in Polearms
  3829 | Lair:1   | Reached skill level 5 in Staves
  3829 | Lair:1   | Reached skill level 5 in Slings
  3829 | Lair:1   | Reached skill level 5 in Bows
  3829 | Lair:1   | Reached skill level 5 in Crossbows
  3829 | Lair:1   | Reached skill level 5 in Throwing
  3829 | Lair:1   | Reached skill level 5 in Stealth
  3829 | Lair:1   | Reached skill level 5 in Shields
  3829 | Lair:1   | Reached skill level 5 in Unarmed Combat
  3829 | Lair:1   | Reached skill level 5 in Evocations
  3847 | Lair:1   | Learned a level 2 spell: Blink
  3872 | Lair:1   | Noticed a spiny frog
  3875 | Lair:1   | Noticed a black mamba
  3888 | Lair:1   | Killed a spiny frog
  4007 | Lair:1   | Killed a black mamba
  4190 | Lair:2   | Reached *** piety under Cheibriados
  4283 | Lair:2   | Noticed a catoblepas
  4307 | Lair:2   | Reached XP level 11. HP: 75/84 MP: 22/22
  4315 | Lair:2   | Noticed a four-headed hydra
  4329 | Lair:2   | Killed a one-headed hydra
  4356 | Lair:2   | Learned a level 4 spell: Passage of Golubria
  4398 | Lair:2   | Reached skill level 5 in Conjurations
  4398 | Lair:2   | Reached skill level 5 in Hexes
  4398 | Lair:2   | Reached skill level 5 in Summonings
  4398 | Lair:2   | Reached skill level 5 in Necromancy
  4398 | Lair:2   | Reached skill level 5 in Translocations
  4398 | Lair:2   | Reached skill level 5 in Transmutations
  4398 | Lair:2   | Reached skill level 5 in Fire Magic
  4398 | Lair:2   | Reached skill level 5 in Ice Magic
  4398 | Lair:2   | Reached skill level 5 in Air Magic
  4398 | Lair:2   | Reached skill level 5 in Earth Magic
  4398 | Lair:2   | Reached skill level 5 in Poison Magic
  4600 | Lair:4   | Noticed a five-headed hydra
  4696 | Lair:4   | Noticed a death yak
  4696 | Lair:4   | Noticed a death yak
  4696 | Lair:4   | Noticed a death yak
  4696 | Lair:4   | Noticed a death yak
  4696 | Lair:4   | Noticed a death yak
  4696 | Lair:4   | Noticed a death yak
  4710 | Lair:3   | Noticed a lindwurm
  4710 | Lair:3   | Noticed a lindwurm
  4805 | Lair:2   | Reached **** piety under Cheibriados
  4999 | D:10     | Noticed Sonja
  5009 | D:10     | Killed Sonja
  5146 | D:11     | Noticed a cyan ugly thing
  5163 | D:11     | Killed a cyan ugly thing
  5369 | D:13     | Reached XP level 12. HP: 87/93 MP: 24/24
  5659 | D:11     | Learned a level 3 spell: Conjure Flame
  5749 | D:11     | Reached ***** piety under Cheibriados
  6168 | D:10     | Noticed Harold
  6196 | D:10     | Killed Harold
  6680 | Lair:2   | Found a hole to the Spider Nest.
  6994 | Lair:3   | HP: 1/94 [lindwurm/blast of flame (15)]
  7031 | Lair:3   | Learned a level 6 spell: Statue Form
  7124 | Lair:3   | Killed a death yak
  7138 | Lair:3   | Killed a death yak
  7238 | Lair:4   | Killed a death yak
  7252 | Lair:4   | Killed a death yak
  7252 | Lair:4   | Reached XP level 13. HP: 68/101 MP: 5/26
  7626 | Lair:6   | Entered Level 6 of the Lair of Beasts
  7626 | Lair:6   | Noticed Kirke
  7627 | Lair:6   | Noticed Nessos
  7709 | Lair:6   | Found a viscous altar of Jiyva.
  7710 | Lair:6   | Found a staircase to the Slime Pits.
  7784 | Lair:5   | Killed Kirke
  7822 | Lair:6   | Reached ****** piety under Cheibriados
  7975 | Lair:6   | Noticed Rupert
  7995 | Lair:6   | Paralysed by Rupert for 3 turns
  8019 | Lair:6   | Killed Rupert
  8091 | Lair:6   | Reached skill level 10 in Spellcasting
  8468 | Spider:1 | Entered Level 1 of the Spider Nest
  8468 | Spider:1 | Noticed Donald
  8568 | D:10     | Noticed Maurice
  8581 | D:10     | Killed Maurice
  8581 | D:10     | Reached XP level 14. HP: 109/109 MP: 28/28
  8604 | D:10     | Found a staircase to the Orcish Mines.
  8621 | Orc:1    | Entered Level 1 of the Orcish Mines
  8621 | Orc:1    | Found a flagged portal.
  8621 | Orc:1    | Noticed Gastronok
  8723 | Orc:1    | Killed Gastronok
  8799 | Bailey   | Entered a bailey
  8916 | Bailey   | Got a sparkling granite ring
  8918 | Bailey   | Identified the ring "Seulizos" {rCorr +Fly rF+ rC+} (You
                  | acquired it in a bailey)
  8939 | Bailey   | Reached skill level 10 in Fighting
  8939 | Bailey   | Reached skill level 10 in Long Blades
  8939 | Bailey   | Reached skill level 10 in Dodging
  9045 | Orc:2    | Entered Level 2 of the Orcish Mines
  9045 | Orc:2    | Found a staircase to the Elven Halls.
  9216 | Orc:2    | Noticed an orc warlord
  9232 | Orc:2    | Killed an orc warlord
  9314 | Orc:2    | Found Celomnoe's Antique Armour Emporium.
  9394 | Orc:2    | Found Jacont's Antique Weapon Shoppe.
  9420 | Orc:2    | Found Idis Omu's Jewellery Shop.
  9435 | Orc:2    | Bought an uncursed ring of see invisible for 225 gold
                  | pieces
  9476 | Orc:2    | Reached skill level 10 in Invocations
  9614 | Orc:2    | Found Petib's General Store.
  9626 | Orc:2    | Bought a potion of degeneration for 16 gold pieces
  9670 | Orc:2    | Bought brightly glowing steam dragon scales for 1485 gold
                  | pieces
  9680 | Orc:2    | Identified the +0 steam dragon scales "Ohenos" {+Inv rElec
                  | Int+5 Stlth-} (You bought it in a shop on level 2 of the
                  | Orcish Mines)
 10041 | D:13     | Found a gate to the Vaults.
 10358 | Lair:2   | Killed Donald
 10358 | Lair:2   | Reached XP level 15. HP: 99/117 MP: 26/29
 10443 | Spider:1 | Noticed a ghost moth
 10468 | Spider:1 | Reached skill level 10 in Armour
 10482 | Spider:1 | Killed a ghost moth
 10514 | Spider:1 | Noticed an emperor scorpion
 10526 | Spider:1 | Identified the +8 large shield "Vesorch" {+Blink rElec
                  | rPois Stlth+}
 10526 | Spider:1 | Noticed Louise
 10539 | Spider:1 | Killed an emperor scorpion
 10543 | Spider:1 | Noticed Frances
 10546 | Spider:1 | Reached skill level 10 in Charms
 10546 | Spider:1 | Killed Louise
 10548 | Spider:1 | Killed Frances
 10554 | Spider:1 | Reached skill level 10 in Short Blades
 10554 | Spider:1 | Reached skill level 10 in Axes
 10554 | Spider:1 | Reached skill level 10 in Maces & Flails
 10554 | Spider:1 | Reached skill level 10 in Polearms
 10554 | Spider:1 | Reached skill level 10 in Staves
 10554 | Spider:1 | Reached skill level 10 in Slings
 10554 | Spider:1 | Reached skill level 10 in Bows
 10554 | Spider:1 | Reached skill level 10 in Crossbows
 10554 | Spider:1 | Reached skill level 10 in Throwing
 10554 | Spider:1 | Reached skill level 10 in Stealth
 10554 | Spider:1 | Reached skill level 10 in Shields
 10554 | Spider:1 | Reached skill level 10 in Unarmed Combat
 10554 | Spider:1 | Reached skill level 10 in Evocations
 10691 | Spider:3 | Noticed Nikola
 10725 | Spider:3 | Killed Nikola
 10732 | Spider:3 | Noticed an emperor scorpion
 10748 | Spider:3 | Killed an emperor scorpion
 10783 | Spider:4 | Entered Level 4 of the Spider Nest
 10827 | Spider:4 | Reached XP level 16. HP: 105/125 MP: 31/31
 10911 | Spider:4 | HP: 1/125 [tarantella (13)]
 10911 | Spider:4 | Slain by an entropy weaver

Skill      XL: |  1  2  3  4  5  6  7  8  9 10 11 12 13 14 15 |
---------------+----------------------------------------------+-----
Spellcasting   | 5 6 7 8 9 10 11 | 11.4
Invocations    | 1 2 3 4 5 6 7 8 9 10 11 | 11.2
Short Blades   | 1 2 3 4 5 6 7 8 9 10 | 10.3
Axes           | 1 2 3 4 5 6 7 8 9 10 | 10.3
Maces & Flails | 1 2 3 4 5 6 7 8 9 10 | 10.3
Polearms       | 1 2 3 4 5 6 7 8 9 10 | 10.3
Staves         | 1 2 3 4 5 6 7 8 9 10 | 10.3
Slings         | 1 2 3 4 5 6 7 8 9 10 | 10.3
Bows           | 1 2 3 4 5 6 7 8 9 10 | 10.3
Crossbows      | 1 2 3 4 5 6 7 8 9 10 | 10.3
Throwing       | 1 2 3 4 5 6 7 8 9 10 | 10.3
Stealth        | 1 2 3 4 5 6 7 8 9 10 | 10.3
Shields        | 1 2 3 4 5 6 7 8 9 10 | 10.3
Unarmed Combat | 1 2 3 4 5 6 7 8 9 10 | 10.3
Evocations     | 1 2 3 4 5 6 7 8 9 10 | 10.3
Conjurations   | 1 2 3 4 5 6 7 8 |  8.7
Hexes          | 1 2 3 4 5 6 7 8 |  8.7
Summonings     | 1 2 3 4 5 6 7 8 |  8.7
Necromancy     | 1 2 3 4 5 6 7 8 |  8.7
Translocations | 1 2 3 4 5 6 7 8 |  8.7
Transmutations | 1 2 3 4 5 6 7 8 |  8.7
Fire Magic     | 1 2 3 4 5 6 7 8 |  8.7
Ice Magic      | 1 2 3 4 5 6 7 8 |  8.7
Air Magic      | 1 2 3 4 5 6 7 8 |  8.7
Earth Magic    | 1 2 3 4 5 6 7 8 |  8.7
Poison Magic   | 1 2 3 4 5 6 7 8 |  8.7
Armour         | 3 4 5 6 7 8 9 10 | 10.6
Fighting       | 5 6 7 8 9 10 11 | 11.2
Long Blades    | 5 6 7 8 9 10 11 | 11.2
Dodging        | 5 6 7 8 9 10 11 | 11.2
Charms         | 6 7 8 9 10 | 10.3

Action                   |  1- 3 |  4- 6 |  7- 9 | 10-12 | 13-15 | 16-18 || total
-------------------------+-------+-------+-------+-------+-------+-------++-------
Melee: Falchion          |    73 |   107 |   436 |   278 |       |       ||   894
       Bite              |     8 |    17 |    97 |   168 |   231 |     2 ||   523
       Punch             |       |     4 |    10 |    22 |    62 |       ||    98
       Long sword        |       |       |       |   186 |   314 |       ||   500
       Hand axe          |       |       |       |    11 |     6 |       ||    17
       Scimitar          |       |       |       |    74 |   246 |       ||   320
       Halberd           |       |       |       |       |    73 |       ||    73
       Great mace        |       |       |       |       |    10 |       ||    10
       Broad axe         |       |       |       |       |   195 |    16 ||   211
Throw: Tomahawk          |       |       |     1 |     1 |       |       ||     2
 Cast: Infusion          |     2 |     6 |    19 |    26 |    16 |       ||    69
       Regeneration      |     2 |     3 |    13 |    35 |    41 |     2 ||    96
       Shroud of Golubri |     1 |     6 |    19 |    11 |     9 |       ||    46
       Song of Slaying   |       |       |     5 |     1 |     4 |     1 ||    11
       Blink             |       |       |       |     5 |    14 |       ||    19
       Conjure Flame     |       |       |       |     2 |     3 |       ||     5
       Statue Form       |       |       |       |       |     2 |       ||     2
Invok: Bend Time         |       |       |       |     2 |       |       ||     2
       Slouch            |       |       |       |     1 |    12 |       ||    13
       Temporal Distorti |       |       |       |       |     1 |       ||     1
 Abil: Evoke Invisibilit |       |       |       |       |     2 |       ||     2
       Evoke Flight      |       |       |       |       |     1 |       ||     1
Evoke: Wand              |       |       |     1 |    16 |    35 |     3 ||    55
       Lamp of fire      |       |       |       |       |     1 |       ||     1
  Use: Scroll            |       |     7 |     8 |    12 |    13 |       ||    40
       Potion            |       |       |     1 |    10 |     8 |     1 ||    20
 Stab: Sleeping          |     4 |     6 |     8 |     6 |     5 |       ||    29
       Distracted        |       |       |     1 |     1 |     3 |       ||     5
       Invisible         |       |       |     8 |     1 |    38 |       ||    47
       Paralysed         |       |       |       |     8 |    10 |       ||    18
  Eat: Chunk             |       |     6 |     3 |    18 |    15 |     1 ||    43
       Ration            |       |       |     2 |     1 |     1 |       ||     4
Armor: Leather armour    |    11 |    13 |   102 |    42 |       |       ||   168
       Plate armour      |       |       |       |   103 |   265 |       ||   368
       Scale mail        |       |       |       |       |   112 |       ||   112
       Ice dragon scales |       |       |       |       |    45 |    12 ||    57
       Skin              |       |       |       |       |   125 |       ||   125
Dodge: Dodged            |    51 |    81 |   310 |   451 |  1398 |    44 ||  2335
Block: Other             |       |       |    21 |       |       |       ||    21
       Reflection        |       |       |     1 |       |       |       ||     1
       Large shield      |       |       |       |       |   280 |    59 ||   339
       Shield            |       |       |       |       |   256 |       ||   256
       Rpst.: Falchion   |    19 |    28 |    99 |    74 |       |       ||   220
       Long sword        |       |       |       |    42 |    84 |       ||   126
       Scimitar          |       |       |       |    12 |    69 |       ||    81
